Description

Can also be effective vs terran

VOD

https://www.twitch.tv/videos/381585011

Build Order

Get SALT Encoding   

  13  0:12  Overlord  
  17  0:45  Extractor  
  17  0:51  Spawning Pool  
  17  1:15  Hatchery  
  18  1:38  Queen  
  20  1:40  Zergling  
  21  1:47  Metabolic Boost  
  21  1:53  Overlord  
  23  2:13  Zergling  
  24  2:24  Lair  
  24  2:25  Zergling  
  25  2:30  Queen  
  27  2:31  Zergling x9  
  36  3:07  Overlord  
  36  3:23  Nydus Network  
  36  3:25  Queen  
  38  3:28  Zergling x7  
  45  3:56  Overlord  
  45  3:58  Nydus Canal  
  45  4:13  Zergling x6  
Spawning Tool Build Advisor. Get it on Overwolf

Go to:

Details

  • Created by: JuicyJuuce
  • Published on: Feb 19, 2019
  • Modified on: Feb 19, 2019
  • Patch: 4.7.1
Show
View Real Time Build Order
Export as new Build Order

Comments (0)

There are no comments. Be the first!

Create an account to comment!